 Dungeon Crawl Stone Soup version 0.27-a0-1312-g5cdb2b3542 (webtiles) character file.

Game seed: 12499166255577844320

46 Conn the Firebug (level 3, 0/21 HPs)
             Began as an Octopode Fire Elementalist on June 19, 2021.
             Hit by a goblin thrown by Robin (3 damage)
             ... on level 2 of the Dungeon.
             The game lasted 00:02:08 (1686 turns).

Conn the Firebug (Octopode Fire Elementalist)       Turns: 1686, Time: 00:02:09

Health: 0/21       AC:  1    Str:  7    XL:     3   Next: 68%
Magic:  4/6        EV: 13    Int: 18    God:
Gold:   31         SH:  0    Dex: 12    Spells: 5/6 levels left

rFire    . . .     SeeInvis .   a - +0 dagger
rCold    . . .     Faith    .   (no shield)
rNeg     . . .     Spirit   .   (helmet restricted)
rPois    .         Reflect  .   (no amulet)
rElec    .         Harm     .   (no ring)
rCorr    .         Rampage  .   (no ring)
Will     .....                  (no ring)
Stlth    +++.......             (no ring)
HPRegen  0.07/turn              (no ring)
MPRegen  0.10/turn              (no ring)
                                (no ring)
                                (no ring)

@: hasted, very quick
A: almost no armour, amphibious, 8 rings, camouflage 1, gelatinous body 1,
(nimble swimmer 1), tentacles
a: no special abilities


You were on level 2 of the Dungeon.
You visited 1 branch of the dungeon, and saw 2 of its levels.

You collected 31 gold pieces.

Inventory:

Hand Weapons
 a - a +0 dagger (weapon)
Missiles
 e - 5 poisoned darts
Magical Staves
 f - a staff of cold
Scrolls
 b - 3 scrolls of identify {unknown}
 d - a scroll of brand weapon {unknown}
 g - a scroll of blinking {unknown}
Potions
 h - a potion of curing {unknown}


   Skills:
 + Level 0.1 Fighting
 + Level 0.1 Short Blades
 + Level 2.1 Dodging
 + Level 3.2 Stealth
 + Level 0.2 Unarmed Combat
 + Level 2.3 Spellcasting
 + Level 1.7 Conjurations
 + Level 3.5 Fire Magic


You had 5 spell levels left.
You knew the following spells:

 Your Spells              Type           Power      Damage    Failure   Level
a - Foxfire               Conj/Fire      44%        2x1d6     6%          1

Your spell library contained the following spells:

 Spells                   Type           Power      Damage    Failure   Level
 Conjure Flame            Conj/Fire      11%        6-21      17%         3
 Inner Flame              Hex/Fire       8%         N/A       26%         3
 Sticky Flame             Conj/Fire      11%        2d3       50%         4
 Fireball                 Conj/Fire      5%         3d5       85%         5


Dungeon Overview and Level Annotations

Branches:
Dungeon (2/15)

Altars:

Annotations:
D:2 Robin


Innate Abilities, Weirdness & Mutations

You cannot wear most types of armour.
You are amphibious.
You can wear up to eight rings at the same time.
Your skin changes colour to match your surroundings (Stealth+).
Your rubbery body absorbs attacks. (AC +1, EV +1)
((You are camouflaged near water. (Stealth+)))
You have tentacles for arms and can constrict up to eight enemies at once.


Message History

Things that are here:
a +0 dagger; a +0 club; a goblin corpse You hit the goblin but do no damage.
Your grab misses the goblin. The goblin hits you with a +0 dagger.
You barely miss the goblin. Your grab misses the goblin.
The goblin hits you with a +0 dagger.
You closely miss the goblin. You grab the goblin. You constrict the goblin.
The goblin hits you but does no damage.
You hit the goblin but do no damage.
The goblin is heavily wounded.
You constrict the goblin. The goblin hits you with a +0 dagger.
You hit the goblin.
The goblin is severely wounded.
You constrict the goblin.
You kill the goblin!
Robin roars a battlecry!
Casting: Foxfire (safe; 6% risk of failure)
Confirm with . or Enter, or press ? or * to list all spells.
You conjure some foxfire!
A goblin comes into view. It is wielding a +0 dagger.
The foxfire hits Robin but does no damage.
The foxfire hits Robin.
Robin is lightly wounded.
Casting: Foxfire (safe; 6% risk of failure)
Confirm with . or Enter, or press ? or * to list all spells.
Okay, then.
Unknown command.
Unknown command.
It was a potion of haste.
You feel yourself speed up.
A goblin comes into view. It is wielding a +0 dagger.
Robin hits you with a +0 short sword.
* * * LOW HITPOINT WARNING * * *
Press: ? - help, v - describe, . - travel, g - get item
Here: Robin, wielding a +0 short sword, wearing a +0 animal skin and wearing a +0 helmet (lightly wounded)
Items here: a +0 dagger; a +0 club; a goblin corpse.
The floor, spattered with blood.
Unknown command.
Unknown command.
Robin throws the goblin at you!
You die...

### ..# #.#
#g# #@# #.#
#.# #.# ##g#
#.†# #)##
##g##########
#...........#


You could see Robin and 2 goblins.

Vanquished Creatures
  An adder (D:2)
  2 endoplasms
  2 giant cockroaches (D:1)
  9 goblins
  2 hobgoblins (D:1)
  3 jackals (D:1)
  A quokka (D:1)
  2 ball pythons (D:1)
  2 bats
  A frilled lizard (D:2)
  4 kobolds
  5 rats
34 creatures vanquished.

Vanquished Creatures (others)
  82 foxfires
82 creatures vanquished.

Grand Total: 116 creatures vanquished

Notes
Turn   | Place    | Note
-------+----------+-------------------------------------------
     0 | D:1      | Conn the Octopode Fire Elementalist began the quest for the
                  | Orb.
     0 | D:1      | Reached XP level 1. HP: 11/11 MP: 3/3
   213 | D:1      | Reached XP level 2. HP: 17/17 MP: 3/5
   537 | D:1      | Found a faded altar of an unknown god.
  1389 | D:2      | Noticed Robin
  1396 | D:2      | Reached XP level 3. HP: 16/21 MP: 2/6
  1686 | D:2      | Hit by a goblin thrown by Robin

Illustrated notes

Levels and vault maps discovered:
D:1:      minmay_arrival_cross, layout_basic,
          shapermc_ecumenical_altar_totnotflames
D:2:      layout_loops_cross, grunt_ministairs_6, uniq_terence, uniq_robin

Skill      XL: |  1  2 |
---------------+-------+-----
Stealth        | 3 |  3.2
Fighting       | |  0.1
Short Blades   | |  0.1
Dodging        | |  2.1
Unarmed Combat | |  0.2
Spellcasting   | |  2.3
Conjurations   | |  1.7
Fire Magic     | |  3.5

Action                   || total
-------------------------++-------
Melee: Unarmed           ||    18
       Constrict         ||     9
       Tentacles         ||     4
       Dagger            ||    12
 Cast: Foxfire           ||    47
  Use: Potion            ||     1
 Stab: Sleeping          ||     1
Armor: Skin              ||    11
Dodge: Dodged            ||    21

Table legend: (Time is in decaauts)
 A = Elapsed time spent in this place.
 B = Non-inter-level travel time spent in this place.
 C = Inter-level travel time spent in this place.
 D = Time resting spent in this place.
 E = Time spent auto-exploring this place.
 F = Levels seen in this place.
 G = Mean time per level.
                   A        B        C        D        E       F      G
               +--------+--------+--------+--------+--------+-----+--------+
         Total |   1683 |   1649 |     34 |    120 |   1207 |   2 |  841.5 |
       Dungeon |   1683 |   1649 |     34 |    120 |   1207 |   2 |  841.5 |
               +--------+--------+--------+--------+--------+-----+--------+

Top non-repeatable levels by time:
     D:1: 1358 daAuts
     D:2: 325 daAuts
